 Dungeon Crawl Stone Soup version 0.29-a0-551-gffc1d7fb78 (webtiles) character file.

Game seed: 13103913437188090316

175 NateTC the Chopper (level 5, 0/47 HPs)
             Began as a Minotaur Fighter on June 5, 2022.
             Was an Initiate of the Shining One.
             Slain by Duvessa
             ... wielding a +0 rapier
              (4 damage)
             ... on level 4 of the Dungeon.
             The game lasted 00:11:46 (3310 turns).

NateTC the Chopper (Minotaur Fighter)               Turns: 3310, Time: 00:11:46

Health: 0/47       AC:  8    Str: 22    XL:     5   Next: 29%
Magic:  4/4        EV:  9    Int:  5    God:    the Shining One [......]
Gold:   138        SH:  5    Dex: 10    Spells: 4/4 levels left

rFire   + . .      SeeInvis .   a - +0 broad axe
rCold   + . .      Faith    .   c - +1 buckler
rNeg    . . .      Spirit   .   o - +0 scale mail
rPois   +          Reflect  .   (helmet restricted)
rElec   +          Harm     .   (no cloak)
rCorr   +          Rampage  .   (no gloves)
Will    .....                   m - +0 pair of boots
Stlth   ..........              (no amulet)
HPRegen 0.15/turn               (no ring)
MPRegen 0.09/turn               (no ring)

@: resistant, glowing
A: horns 2, retaliatory headbutt
a: Renounce Religion


You were on level 4 of the Dungeon.
You worshipped the Shining One.
The Shining One was noncommittal.
You visited 2 branches of the dungeon, and saw 5 of its levels.

You collected 138 gold pieces.

Inventory:

Hand Weapons
 a - a +0 broad axe (weapon)
 b - a +0 flail
Armour
 c - a +1 buckler (worn)
 m - a +0 pair of boots (worn)
 o - a +0 scale mail (worn)
Jewellery
 n - a ring of protection from cold
Scrolls
 l - 2 scrolls of teleportation
Potions
 d - a potion of might
 e - a potion of resistance
 f - 2 potions of haste
 g - a potion of mutation {unknown}
 h - a potion of curing {unknown}
 j - a potion of ambrosia {unknown}
 k - a potion of brilliance {unknown}


   Skills:
 + Level 4.5 Fighting
 * Level 6.1 Axes
 - Level 3.6 Armour
 - Level 3.6 Shields


You had 4 spell levels left.
You didn't know any spells.
Your spell library contained the following spells:

 Spells                   Type           Power      Damage    Failure   Level
 Foxfire                  Conj/Fire      0%         2x1d4     88%         1
 Conjure Flame            Conj/Fire      0%         6-21      99%         3
 Inner Flame              Hex/Fire       0%         N/A       99%         3
 Flame Wave               Conj/Fire      0%         2d4       100%        4


Dungeon Overview and Level Annotations

Branches:
Dungeon (4/15)             Temple (1/1) D:4

Altars:
Elyvilon
Gozag
Hepliaklqana
Kikubaaqudgha
Nemelex Xobeh
Okawaru
Qazlal
Ru
Trog
Uskayaw
Vehumet
Wu Jian
Xom
Yredelemnul
Zin
The Shining One

Annotations:
D:4 Dowan, Duvessa


Innate Abilities, Weirdness & Mutations

You have a pair of horns on your head.
You reflexively headbutt those who attack you in melee.


Message History

You see here a giant cockroach corpse.
Found a scroll of identify.
Dowan, Brother of Duvessa comes into view.
He is wielding a +0 dagger and wearing a +0 robe of willpower.
Dowan shouts!
Duvessa, Sister of Dowan comes into view.
She is wielding a +0 rapier.
Duvessa shouts!
Dowan hits you with a +0 dagger.
Duvessa gestures with her weapon.
Dowan's feet meld with the ground, briefly.
Dowan hits you but does no damage. Duvessa hits you with a +0 rapier!
You barely miss Duvessa. You closely miss Dowan. Duvessa closely misses you.
Dowan misses you.
You closely miss Duvessa. You hit Dowan. Duvessa hits you but does no damage.
Dowan hits you but does no damage.
You hit Duvessa.
Duvessa is lightly wounded.
You slash Dowan! Duvessa hits you with a +0 rapier!
Dowan mumbles some strange words.
Dowan blinks!
Duvessa hits you but does no damage.
You slash Duvessa!
Duvessa is moderately wounded.
Duvessa hits you with a +0 rapier! Dowan casts a spell at you.
The puff of flame misses you.
You barely miss Duvessa.
Duvessa is moderately wounded.
Duvessa hits you with a +0 rapier.
* * * LOW HITPOINT WARNING * * *
You hit Duvessa. Your headbutt misses Duvessa.
Duvessa is heavily wounded.
Duvessa hits you with a +0 rapier.
* * * LOW HITPOINT WARNING * * *
Dowan hits you with a +0 dagger.
* * * LOW HITPOINT WARNING * * *
Duvessa hits you but does no damage.
It was a potion of resistance.
You feel protected.
Dowan laughs at you. "Don't get delusional, you can't win!"
Dowan closely misses you. Duvessa hits you with a +0 rapier.
You die...

############# #
##.8.8.8.♣@8.♣.8.8
#..†.....e.e.?....
#..8.♣.8.8.8.8.8.8
##.################
#..# #.## .#. .#####.#
#....
.......########......
###...................


You could see Duvessa and Dowan.

Vanquished Creatures
  Blork the orc (D:4)
  An orc wizard (D:3)
  2 adders (D:3)
  A worm (D:3)
  2 dart slugs (D:1)
  2 orcs (D:3)
  2 bats
  4 endoplasms
  3 giant cockroaches
  5 goblins
  5 hobgoblins
  5 quokkas (D:1)
  8 ball pythons
  2 frilled lizards
  9 kobolds
  4 rats (D:1)
56 creatures vanquished.

Notes
Turn   | Place    | Note
-------+----------+-------------------------------------------
     0 | D:1      | NateTC the Minotaur Fighter began the quest for the Orb.
     0 | D:1      | Reached XP level 1. HP: 19/19 MP: 0/0
    20 | D:1      | Reached skill level 3 in Axes
    23 | D:1      | Reached XP level 2. HP: 15/26 MP: 1/1
   239 | D:1      | Reached skill level 4 in Axes
   296 | D:1      | Reached XP level 3. HP: 26/31 MP: 2/2
   578 | D:1      | Found a faded altar of an unknown god.
  1808 | D:3      | Reached skill level 5 in Axes
  1933 | D:3      | Reached XP level 4. HP: 38/40 MP: 3/3
  2984 | D:4      | Noticed Blork the orc
  2993 | D:4      | Killed Blork the orc
  2994 | D:4      | Reached skill level 6 in Axes
  2994 | D:4      | Reached XP level 5. HP: 41/47 MP: 4/4
  3035 | D:4      | Found a staircase to the Ecumenical Temple.
  3042 | Temple   | Entered the Ecumenical Temple
  3222 | Temple   | Became a worshipper of the Shining One
  3298 | D:4      | Noticed Dowan
  3298 | D:4      | Noticed Duvessa
  3310 | D:4      | Slain by Duvessa

Illustrated notes

Levels and vault maps discovered:
D:1:      dpeg_arrival_long_road, layout_rooms, basic_ecumenical_altar,
          nrook_campfire
D:2:      layout_basic, amcnicky_mini_pool_small
D:3:      layout_loops_corners
D:4:      layout_cave_pods, mainiacjoe_overflow_paths,
          mainiacjoe_overflow_small_starburst, minmay_temple_entry_arrows,
          chequers_avenue, uniq_duvessa, uniq_blork_the_orc, uniq_ijyb
Temple:   eino_temple_rhombus

Skill      XL: |  1  2  3  4 |
---------------+-------------+-----
Axes           | 3 4 5 6 |  6.1
Fighting       | 4 |  4.5
Armour         | |  3.6
Shields        | |  3.6

Action                   |  1- 3 |  4- 6 || total
-------------------------+-------+-------++-------
Melee: War axe           |    49 |       ||    49
       Headbutt          |     9 |     3 ||    12
       Broad axe         |    35 |    36 ||    71
  Use: Scroll            |     6 |     3 ||     9
       Potion            |       |     1 ||     1
Armor: Scale mail        |    50 |    16 ||    66
Dodge: Dodged            |    39 |    11 ||    50
Block: Buckler           |    17 |     8 ||    25

Table legend: (Time is in decaauts)
 A = Elapsed time spent in this place.
 B = Non-inter-level travel time spent in this place.
 C = Inter-level travel time spent in this place.
 D = Time resting spent in this place.
 E = Time spent auto-exploring this place.
 F = Levels seen in this place.
 G = Mean time per level.
                   A        B        C        D        E       F      G
               +--------+--------+--------+--------+--------+-----+--------+
         Total |   3353 |   3232 |    121 |    656 |   1593 |   5 |  670.6 |
       Dungeon |   3156 |   3075 |     81 |    656 |   1450 |   4 |  789.0 |
        Temple |    196 |    156 |     40 |      0 |    143 |   1 |  196.0 |
               +--------+--------+--------+--------+--------+-----+--------+

Top non-repeatable levels by time:
     D:3: 1431 daAuts
     D:2: 939 daAuts
     D:1: 650 daAuts
  Temple: 196 daAuts
     D:4: 135 daAuts
